 Dungeon Crawl Stone Soup version 0.15.2 (webtiles) character file.

20236 Heini the Bludgeoner (level 12, -5/118 HPs)
             Began as a Minotaur Fighter on Jan 25, 2015.
             Was the Champion of Okawaru.
             Engulfed by a fire crab's flame (21 damage)
             ... on Level 5 of the Lair of Beasts.
             The game lasted 00:48:16 (14327 turns).

Heini the Bludgeoner (Minotaur Fighter)            Turns: 14327, Time: 00:48:16

HP  -5/118       AC 14     Str 26      XL: 12   Next: 43%
MP   5/5         EV  5     Int  5      God: Okawaru [******]
Gold 758         SH 17     Dex 15      Spells:  0 memorised, 11 levels left

rFire  . . .     SeeInvis .     y - +1 morningstar
rCold  . . .     Clarity  .     b - +0 scale mail
rNeg   . . .     rCorr    .     N - +2 large shield
rPois  .         rRot     .     (helmet restricted)
rElec  .         Spirit   .     x - +1 cloak
SustAb .         Warding  .     R - +1 pair of gloves {Dex+3}
rMut   .         Stasis   .     (no boots)
Gourm  .                        (no amulet)
MR     .....                    r - +2 ring of dexterity
                                e - +4 ring of slaying

@: not resistant to hostile enchantments, extremely unstealthy
A: retaliatory headbutt, horns 2
a: Heroism, Finesse, Renounce Religion


You were on level 5 of the Lair of Beasts.
You worshipped Okawaru.
Okawaru was exalted by your worship.
You were not hungry.

You visited 3 branches of the dungeon, and saw 15 of its levels.
You also visited: Sewer and Ossuary.

You collected 758 gold pieces.

Inventory:

Hand weapons
 y - a +1 morningstar (weapon)
 I - a +2 flail of holy wrath
Armour
 b - a +0 scale mail (worn)
 c - a +0 shield
 x - a +1 cloak (worn)
 N - a +2 large shield (worn)
 R - a +1 pair of gloves of dexterity (worn)
Magical devices
 v - a wand of hasting (7)
Comestibles
 a - 2 slices of pizza
 d - 12 bread rations
 m - 4 chunks of polar bear flesh
 q - 9 meat rations
 u - 2 beef jerkies
 H - 33 fruits
 K - 3 royal jellies
Scrolls
 g - 9 scrolls of remove curse
 i - 2 scrolls of teleportation
 j - 2 scrolls of enchant weapon
 n - 6 scrolls of enchant armour
 z - 4 scrolls of amnesia
 C - 2 scrolls of identify
 F - a scroll of blinking
 J - a scroll of recharging
 M - a scroll of magic mapping
 O - a scroll of fog
Jewellery
 e - a +4 ring of slaying (left hand)
 f - a cursed ring of teleport control
 l - a cursed ring of see invisible
 r - a +2 ring of dexterity (right hand)
 t - an uncursed ring of flight
Potions
 h - 3 potions of haste
 k - 8 potions of curing
 o - 3 potions of might
 p - 3 potions of restore abilities
 s - a potion of cure mutation
 A - a potion of flight
 B - a potion of heal wounds
 D - 2 potions of brilliance
 E - a potion of magic
 G - a potion of berserk rage
 L - 3 potions of agility


   Skills:
 * Level 14.3 Fighting
 * Level 15.5 Maces & Flails
 * Level 12.3 Armour
 - Level 3.6 Shields


You had 11 spell levels left.
You didn't know any spells.

Dungeon Overview and Level Annotations

Branches:
Dungeon (9/15)             Temple (1/1) D:6            Lair (5/8) D:9
    Orc: D:9-12       Swamp: Lair:3-6    Shoals: Lair:3-6     Snake: Lair:3-6
 Spider: Lair:3-6

Altars:
Ashenzari
Kikubaaqudgha
Makhleb
Nemelex Xobeh
Okawaru
Qazlal
Sif Muna
Trog
Vehumet
Xom
Zin


Innate Abilities, Weirdness & Mutations

You reflexively headbutt those who attack you in melee.
You have a pair of horns on your head.


Message History

You kill the spiny frog!
Okawaru accepts your kill.
No target in view!
d - 12 bread rations (gained 1)
A fire crab comes into view.
The fire crab breathes flames at you. The blast of flame engulfs you!
Found a robe.
You are engulfed in roaring flames.
The plant is engulfed in roaring flames.
The fire crab breathes flames at you. The blast of flame engulfs you!
You are engulfed in roaring flames.
* * * LOW HITPOINT WARNING * * *
The plant is engulfed in roaring flames.
The fire crab breathes flames at you. The blast of flame engulfs you!
* * * LOW HITPOINT WARNING * * *
You are engulfed in roaring flames.
You die...

.............##
...........###
..........##
.........####
.........#..# ..
..........# ....
.........P##P.....
.......§§§§......[.
......§§§@.t.......
.......§§.........
.................
.................
................
..............
............
.......... ....


You could see a fire crab.

Vanquished Creatures
  Maud (Lair:4)
  4 hydras
  3 death yaks (Lair:4)
  A catoblepas (Lair:4)
  A griffon (Lair:3)
  Joseph (Lair:1)
  A black mamba (Lair:4)
  6 spiny frogs
  A feature mimic (Lair:3)
  A troll (D:9)
  A fire drake (Lair:5)
  Grinder (D:5)
  2 komodo dragons (Lair:3)
  A polar bear (Lair:5)
  2 basilisks
  7 blink frogs
  4 yaks (Lair:1)
  A hungry ghost (D:9)
  A spriggan (D:7)
  A wyvern (D:8)
  4 hippogriffs
  2 wolves (Lair:1)
  Edmund (D:7)
  4 porcupines
  9 water moccasins
  3 sky beasts
  A necrophage (D:9)
  3 ogres
  5 centaurs
  4 crocodiles
  Sigmund (D:2)
  2 big kobolds (Sewer)
  Blork the orc (D:4)
  9 giant frogs
  A gnoll sergeant (D:6)
  2 scorpions
  2 centaur zombies (Ossuary)
  2 goliath beetles
  9 hounds
  Crazy Yiuf (D:2)
  A human zombie (Ossuary)
  A jelly (D:8)
  A centaur skeleton (D:8)
  4 worker ants
  A gnoll shaman (D:4)
  8 iguanas
  5 sheep (Lair:4)
  7 orc wizards
  2 big kobold zombies (Ossuary)
  A killer bee zombie (D:5)
  An ogre zombie (D:9)
  2 big kobold skeletons
  2 hound zombies (Ossuary)
  3 mummies (Ossuary)
  9 gnolls
  41 green rats
  16 adders
  2 white imps (Lair:5)
  A giant mite (Sewer)
  3 worms
  An adder zombie (Ossuary)
  3 orc skeletons
  8 giant geckos
  4 oozes
  27 orcs
  13 bats
  12 giant cockroaches
  17 hobgoblins
  20 jackals
  18 kobolds
  2 ball pythons
  A giant gecko skeleton (D:4)
  11 giant newts
  16 goblins
  3 goblin zombies (Ossuary)
  5 hobgoblin zombies
  6 jackal zombies (Ossuary)
  A kobold skeleton (D:6)
  4 kobold zombies
  3 orc zombies
  7 quokkas
  A quokka skeleton (D:4)
  6 quokka zombies (Ossuary)
  18 rats
  A rat skeleton (D:6)
  3 rat zombies (Ossuary)
  2 fungi (D:2)
  22 plants (Lair:3)
453 creatures vanquished.

Vanquished Creatures (others)
  A wizard (D:8)
  A goblin (D:2)
2 creatures vanquished.

Grand Total: 455 creatures vanquished

Notes
Turn   | Place    | Note
--------------------------------------------------------------
     0 | D:1      | Heini, the Minotaur Fighter, began the quest for the Orb.
     0 | D:1      | Reached XP level 1. HP: 19/19 MP: 1/1
   153 | D:1      | Reached skill level 4 in Fighting
   189 | D:1      | Reached XP level 2. HP: 24/27 MP: 1/1
   736 | D:2      | Reached XP level 3. HP: 34/34 MP: 2/2
   829 | D:2      | Noticed Sigmund
  1053 | D:3      | Reached XP level 4. HP: 31/41 MP: 2/2
  1303 | D:3      | Found a shattered altar of Ashenzari.
  1434 | D:3      | Reached skill level 5 in Fighting
  1644 | D:2      | Killed Sigmund
  1644 | D:2      | Reached skill level 5 in Armour
  1644 | D:2      | Reached XP level 5. HP: 33/48 MP: 2/2
  2218 | D:2      | Found a stormy altar of Qazlal.
  2415 | D:2      | Noticed Crazy Yiuf
  2420 | D:2      | Killed Crazy Yiuf
  2508 | D:4      | Found a shimmering altar of Xom.
  2567 | D:4      | Reached XP level 6. HP: 55/57 MP: 3/3
  2619 | D:4      | Reached skill level 6 in Fighting
  2627 | D:4      | Reached skill level 5 in Maces & Flails
  2884 | D:4      | Noticed an ogre
  2891 | D:4      | Killed an ogre
  2891 | D:4      | Reached XP level 7. HP: 33/64 MP: 3/3
  3382 | D:4      | Found a burning altar of Makhleb.
  3382 | D:4      | Noticed Blork the orc
  3383 | D:4      | Found a shattered altar of Ashenzari.
  3387 | D:4      | Killed Blork the orc
  3416 | D:5      | Entered Level 5 of the Dungeon
  3454 | D:5      | Reached skill level 7 in Fighting
  3935 | D:5      | Reached XP level 8. HP: 73/73 MP: 3/3
  3979 | D:5      | Noticed Grinder
  3988 | D:5      | Killed Grinder
  4254 | D:5      | Reached skill level 8 in Fighting
  4567 | D:6      | Found a staircase to the Ecumenical Temple.
  4573 | Temple   | Entered the Ecumenical Temple
  4582 | Temple   | Became a worshipper of Warmaster Okawaru
  4679 | D:6      | Found a sand-covered staircase.
  4686 | Ossuary  | Entered an ossuary
  4997 | D:6      | Found a glowing drain.
  5004 | Sewer    | Entered a sewer
  5028 | Sewer    | Acquired Okawaru's first power
  5094 | Sewer    | Reached skill level 9 in Fighting
  5153 | Sewer    | Reached XP level 9. HP: 83/83 MP: 4/4
  6123 | D:7      | Noticed Edmund
  6137 | D:7      | Killed Edmund
  6382 | D:7      | Reached skill level 10 in Maces & Flails
  6944 | D:8      | Reached skill level 10 in Fighting
  7035 | D:8      | Found a bloodstained altar of Trog.
  7037 | D:8      | Noticed a wizard
  7042 | D:8      | Killed a wizard
  7582 | D:9      | Found a staircase to the Lair.
  7721 | D:9      | Found a burning altar of Makhleb.
  7826 | D:9      | Reached skill level 11 in Maces & Flails
  7962 | D:9      | Reached XP level 10. HP: 91/94 MP: 4/4
  8301 | D:9      | Found a deep blue altar of Sif Muna.
  8477 | D:9      | Identified Sif Muna's Compendium of Hexes
  8560 | Lair:1   | Entered Level 1 of the Lair of Beasts
  8714 | Lair:1   | Reached skill level 12 in Maces & Flails
  8948 | Lair:1   | Noticed Joseph
  8968 | Lair:1   | HP: 4/96 [poisoned by a spiny frog]
  9295 | Lair:1   | Killed Joseph
  9378 | Lair:1   | Noticed a seven-headed hydra
  9517 | Lair:1   | Reached skill level 10 in Armour
 10451 | Lair:1   | Reached skill level 13 in Maces & Flails
 10778 | Lair:2   | Reached XP level 11. HP: 85/104 MP: 4/4
 11445 | Lair:2   | Noticed a four-headed hydra
 11453 | Lair:2   | Killed a four-headed hydra
 11453 | Lair:2   | Acquired Okawaru's second power
 11800 | Lair:3   | Found a hole to the Spider Nest.
 11815 | Lair:3   | the hole to the Spider Nest was a mimic.
 11937 | Lair:3   | Noticed a five-headed hydra
 11946 | Lair:3   | Killed a five-headed hydra
 11963 | Lair:3   | Reached skill level 14 in Maces & Flails
 12385 | Lair:3   | Noticed a seven-headed hydra
 12392 | Lair:3   | Killed a seven-headed hydra
 12600 | Lair:3   | Noticed a five-headed hydra
 12605 | Lair:3   | Killed a five-headed hydra
 12605 | Lair:3   | Received a gift from Okawaru
 13083 | Lair:4   | Noticed a death yak
 13095 | Lair:4   | Noticed a death yak
 13106 | Lair:4   | Killed a death yak
 13116 | Lair:4   | Killed a death yak
 13254 | Lair:4   | Noticed a death yak
 13269 | Lair:4   | Killed a death yak
 13269 | Lair:4   | Reached XP level 12. HP: 98/116 MP: 5/5
 13289 | Lair:4   | Noticed a catoblepas
 13302 | Lair:4   | Killed a catoblepas
 13378 | Lair:4   | Noticed Maud
 13392 | Lair:4   | Killed Maud
 13392 | Lair:4   | Reached skill level 15 in Maces & Flails
 14327 | Lair:5   | Engulfed by a fire crab's flame

Action                   |  1- 3 |  4- 6 |  7- 9 | 10-12 || total
-------------------------+-------+-------+-------+-------++-------
Melee: Flail             |    97 |    83 |       |       ||   180
       Morningstar       |       |    32 |   405 |   573 ||  1010
  Use: Scroll            |     3 |     3 |    10 |    17 ||    33
       Potion            |       |     3 |       |     8 ||    11
  Eat: Chunk             |     1 |     6 |    15 |    19 ||    41
       Fruit             |       |       |     1 |     1 ||     2
       Pizza             |       |       |       |     1 ||     1
